 Dungeon Crawl Stone Soup version 0.22-a0-362-g535178c (webtiles) character file.

102 zero the Sneak (level 4, -2/21 HPs)
             Began as a Spriggan Enchanter on Apr 19, 2018.
             Killed by nerve-wracking pain
             ... invoked by 4thArraOfDagon's ghost
              (12 damage)
             ... on level 3 of the Dungeon.
             The game lasted 00:02:36 (2377 turns).

zero the Sneak (Spriggan Enchanter)                 Turns: 2377, Time: 00:02:37

Health: -2/21      AC:  2    Str:  4    XL:     4   Next: 50%
Magic:  6/9        EV: 17    Int: 16    God:
Gold:   84         SH:  6    Dex: 17    Spells: 2/8 levels left

rFire    . . .     SeeInvis +   q - +2 dagger (protect)
rCold    . . .     Gourm    .   i - +0 buckler
rNeg     . . .     Faith    .   b - +0 robe
rPois    .         Spirit   .   (helmet restricted)
rElec    .         Reflect  .   (no cloak)
rCorr    .         Harm     .   (gloves unavailable)
MR       .....                  (boots unavailable)
Stlth    ++++......             (no amulet)
HPRegen  0.07/turn              (no ring)
MPRegen  0.11/turn              (no ring)

@: very quick
A: very small, unfitting armour, see invisible, herbivore, speed 3, slow
metabolism 2
a: no special abilities


You were on level 3 of the Dungeon.
You were not hungry.

You visited 1 branch of the dungeon, and saw 3 of its levels.

You collected 84 gold pieces.

Inventory:

Hand Weapons
 q - a +2 dagger of protection (weapon)
Armour
 b - a +0 robe (worn)
 i - a +0 buckler (worn)
Scrolls
 c - a scroll of identify {unknown}
 e - a scroll of remove curse {unknown}
 g - 2 scrolls of enchant weapon {unknown}
 j - a scroll of amnesia {unknown}
 k - a scroll of fog {unknown}
 n - a scroll of magic mapping {unknown}
 p - a scroll of noise {unknown}
Potions
 f - a potion of lignification {unknown}
 h - a potion of flight {unknown}
 l - a potion of curing {unknown}
 m - a potion of mutation {unknown}
 o - a potion of cancellation {unknown}
Comestibles
 d - 3 rations


   Skills:
 - Level 1.1 Short Blades
 - Level 3.0 Dodging
 + Level 7.4 Stealth
 + Level 1.3 Shields
 - Level 2.6 Spellcasting
 - Level 3.6 Hexes


You had 2 spell levels left.
You knew the following spells:

 Your Spells              Type           Power        Failure   Level  Hunger
a - Corona                Hex            ##.....      7%          1    #......
b - Ensorcelled Hibernat  Hex/Ice        #.....       22%         2    ##.....
c - Confuse               Hex            ##......     21%         3    ###....


Dungeon Overview and Level Annotations

Branches:
Dungeon (3/15)

Altars:
Hepliaklqana

Annotations:
D:3 4thArraOfDagon's ghost, weakling FeNe


Innate Abilities, Weirdness & Mutations

You are very small and have problems with some larger weapons.
You are too small for most types of armour.
You have supernaturally acute eyesight. (SInv)
You are a herbivore.
You cover ground extremely quickly.
You need to consume almost no food.


Message History

4thArraOfDagon's ghost (weakling Felid Necromancer) comes into view. 4thArraOfDagon's ghost is nearby! 4thArraOfDagon's ghost is nearby!
You completely miss 4thArraOfDagon's ghost. 4thArraOfDagon's ghost turns its malevolent gaze towards you. 4thArraOfDagon's ghost casts a spell at you.
Pain shoots through your body!
Casting: Ensorcelled Hibernation (safe; 22% risk of failure)
Confirm with . or Enter, or press ? or * to list all spells.
Aiming: Confuse (safe; 21% risk of failure)
Press: ? - help, Shift-Dir - straight line, f - 4thArraOfDagon's ghost
Aim: 4thArraOfDagon's ghost (chance to defeat MR: 50%) 4thArraOfDagon's ghost resists with some effort.
You block 4thArraOfDagon's ghost's attack. 4thArraOfDagon's ghost casts a spell at you.
Pain shoots through your body! 4thArraOfDagon's ghost casts a spell at you.
Pain shoots through your body!
Ouch! That really hurt!
You die...

#...........#.## #.#
#.............#.#####.#
##.......#.#.###......#
##.....##.##.#.#######
##...###.###.## ##.##
#.# ### ## #.# #####.##
#....@.# #.###..# ## #.
#..# .. ####.###..##.#
.............#
####.##W..##.#
#.#.....# .. #......##
## #####.##


You could see 4thArraOfDagon's ghost.

Vanquished Creatures
  An orc wizard (D:3)
  An adder (D:3)
  2 worms (D:3)
  A dart slug (D:1)
  4 orcs (D:3)
  7 bats
  4 giant cockroaches (D:1)
  7 goblins
  5 hobgoblins
  4 jackals (D:3)
  5 frilled lizards
  6 kobolds
  4 rats
51 creatures vanquished.

Notes
Turn   | Place    | Note
-------+----------+-------------------------------------------
     0 | D:1      | zero the Spriggan Enchanter began the quest for the Orb.
     0 | D:1      | Reached XP level 1. HP: 9/9 MP: 5/5
   350 | D:1      | Reached skill level 5 in Stealth
   458 | D:1      | Reached XP level 2. HP: 13/13 MP: 6/6
   462 | D:1      | Learned a level 2 spell: Ensorcelled Hibernation
   682 | D:1      | Reached skill level 6 in Stealth
  1045 | D:1      | Reached XP level 3. HP: 14/16 MP: 8/8
  1050 | D:1      | Learned a level 3 spell: Confuse
  1660 | D:3      | Found a hazy altar of Hepliaklqana.
  2017 | D:3      | Reached skill level 7 in Stealth
  2017 | D:3      | Reached skill level 1 in Shields
  2017 | D:3      | Reached XP level 4. HP: 21/21 MP: 6/9
  2363 | D:3      | Noticed 4thArraOfDagon's ghost (weakling FeNe)
  2377 | D:3      | Killed from afar by 4thArraOfDagon's ghost

Vault maps used:
D:1:      minmay_arrival_floating_metal, serial_forest,
          infiniplex_forest_clump_small, infiniplex_forest_pool,
          infiniplex_forest_zigzag_1, infiniplex_forest_corner_1,
          infiniplex_forest_side_room, infiniplex_forest_lined_3_way
D:2:      cheibrodos_helix_gallery, first_ration
D:3:      lemuel_doored_altar

Skill      XL: |  1  2  3 |
---------------+----------+-----
Stealth        | 5 6 7 |  7.4
Shields        | 1 |  1.3
Short Blades   | |  1.1
Dodging        | |  3.0
Spellcasting   | |  2.6
Hexes          | |  3.6

Action                   |  1- 3 |  4- 6 || total
-------------------------+-------+-------++-------
Melee: Dagger            |   126 |    45 ||   171
 Cast: Corona            |     2 |       ||     2
       Ensorcelled Hiber |     8 |     3 ||    11
       Confuse           |       |     1 ||     1
 Stab: Sleeping          |    21 |     5 ||    26
Armor: Robe              |    10 |     9 ||    19
Dodge: Dodged            |    92 |    26 ||   118
Block: Buckler           |       |    12 ||    12

Table legend:
 A = Spawn XP
 B = Non-spawn XP
 C = Spawn XP percentage of total XP
 D = Spawn monster count
 E = Non-spawn monster count
 F = Spawn count percentage of total count
 G = Total turns spent on level
                    A         B        C        D         E        F      G
               +---------+---------+-------+---------+---------+-------+---------
         Total |       0 |     147 |   0.0 |       0 |      51 |   0.0 |  2377
               +---------+---------+-------+---------+---------+-------+---------
           D:1 |       0 |      44 |   0.0 |       0 |      24 |   0.0 |  1591
           D:3 |       0 |     103 |   0.0 |       0 |      27 |   0.0 |   776
               +---------+---------+-------+---------+---------+-------+---------
